Map: Ascension to Aiur LE

Players

SamuraiFunn - Winner!

  • Race: Protoss Protoss
  • Spawn Location: 5:00

A.I. 1 (Very Hard)

  • Race: Zerg Zerg
  • Spawn Location: 11:00

VOD

Have the link to the VOD?

Description

Time

  • Played on: Nov. 23, 2017, 3:05 p.m.
  • Length: 5:33
Show
View Real Time Build Order
Export as new Build Order

SamuraiFunn Protoss - Winner!

Build Orders:  

Get SALT Encoding   

  12  0:01  Probe  
  13  0:16  Probe  
  14  0:22  Pylon  
  14  0:28  Probe  
  15  0:40  Probe (Chrono Boost)  
  17  0:50  Probe (Chrono Boost)  
  17  0:51  Pylon  
  17  1:07  Probe  
  18  1:21  Probe  
  19  1:27  Gateway  
  19  1:28  Gateway  
  19  1:37  Nexus  
  19  1:42  Probe  
  20  1:54  Probe  
  21  2:06  Probe  
  22  2:10  Assimilator  
  22  2:18  Probe  
  22  2:19  Zealot x2  
  27  2:41  Cybernetics Core  
  27  2:48  Probe, Assimilator  
  27  2:49  Probe  
  29  2:52  Zealot x2  
  33  3:03  Gateway  
  33  3:09  Pylon  
  33  3:22  Zealot x2  
  33  3:46  Shield Battery  
  33  3:48  Shield Battery  
  33  3:49  Zealot x2  
  33  3:55  Pylon  
  37  3:57  Zealot  
  39  4:08  Pylon  
  39  4:16  Zealot x2  
  43  4:24  Zealot  
  43  4:43  Zealot x2  
  43  4:45  Twilight Council  
  47  4:46  Probe x2  
  47  4:52  Zealot  
Show
View Real Time Build Order
Export as new Build Order

A.I. 1 (Very Hard) Zerg 

Build Orders: Pool First 

Get SALT Encoding   

  12  0:00  Drone  
  13  0:12  Overlord  
  13  0:17  Drone  
  14  0:30  Drone x2  
  14  0:34  Drone  
  17  0:47  Spawning Pool  
  17  0:49  Drone  
  17  1:11  Hatchery  
  17  1:15  Drone  
  17  1:18  Extractor  
  16  1:22  Drone  
  16  1:23  Extractor  
  16  1:27  Drone  
  16  1:31  Drone  
  18  1:38  Drone  
  19  1:48  Overlord  
  19  1:58  Queen  
  21  2:03  Zergling x2  
  22  2:10  Drone  
  23  2:24  Queen  
  25  2:34  Drone  
  26  2:39  Drone  
  26  2:43  Drone  
  28  2:47  Drone  
  29  3:00  Roach Warren  
  29  3:03  Drone  
  29  3:07  Drone  
  29  3:10  Zergling x2  
  31  3:13  Zergling x2  
  31  3:16  Zergling x2  
  32  3:23  Overlord  
  30  3:33  Queen  
  29  3:38  Drone  
  28  3:43  Drone  
  28  3:47  Drone  
  30  3:51  Drone  
  30  3:53  Zergling x2  
  32  3:58  Drone  
  34  4:02  Drone  
  34  4:06  Zergling x2  
  34  4:09  Zergling x2  
  34  4:14  Roach  
  34  4:16  Zergling x2  
  37  4:19  Zergling x2  
  37  4:23  Zergling x2  
  38  4:26  Zergling x2  
  31  4:32  Drone  
  31  4:36  Zergling x2  
  18  4:53  Drone  
Tags
 
Add a new tag
Caveats
  • Supply blocks, unpowered buildings, or Contaminate may cause inaccurate times.
  • Supply counts are checked every 10 seconds.